 Dungeon Crawl Stone Soup version 0.14.1-24-gbdbe590 (webtiles) character file.

163 Kenran the Cudgeler (level 4, -2/48 HPs)
             Began as an Ogre Berserker on June 19, 2014.
             Was a Believer of Trog.
             Killed from afar by a goblin (29 damage)
             ... with a wand of fire
             ... on Level 3 of the Dungeon.
             The game lasted 00:06:01 (2228 turns).

Kenran the Cudgeler (Ogre Berserker)                Turns: 2228, Time: 00:06:01

HP  -2/48        AC  3     Str 22      XL: 4   Next: 91%
MP   4/4         EV 10     Int  6      God: Trog [**....]
Gold 53          SH  0     Dex 10      Spells:  0 memorised,  3 levels left

rFire  . . .     SeeInvis .     a - +0 mace
rCold  . . .     Clarity  .     b - +0 animal skin
rNeg   . . .     Conserve .     (shield restricted)
rPois  .         rCorr    .     (helmet restricted)
rElec  .         rRot     .     (no cloak)
SustAb . .       Spirit   .     (gloves unavailable)
rMut   .         Warding  .     (boots unavailable)
Saprov + . .     Stasis   .     (no amulet)
MR     .....                    (no ring)
                                (no ring)

@: not resistant to hostile enchantments, unstealthy
A: unfitting armour, fast metabolism 1, saprovore 1, tough skin 1
a: Burn Spellbooks, Berserk, Trog's Hand, Renounce Religion


You were on level 3 of the Dungeon.
You worshipped Trog.
Trog was pleased with you.
You were not hungry.

You visited 1 branch of the dungeon, and saw 3 of its levels.

You collected 53 gold pieces.

Inventory:

Hand weapons
 a - a +0,+0 mace (weapon)
Armour
 b - a +0 animal skin (worn)
Comestibles
 c - a meat ration
 d - an apple
 i - a choko
Scrolls
 e - 2 scrolls of remove curse
Potions
 f - a potion of flight
 g - a potion of haste {unknown}


   Skills:
 - Level 4.0 Fighting
 + Level 7.2 Maces & Flails
 - Level 2.9 Dodging


You had 3 spell levels left.
You didn't know any spells.

Dungeon Overview and Level Annotations

Branches:
Dungeon (3/15)

Altars:
Trog
Xom


Innate Abilities, Weirdness & Mutations

You are too large for most types of armour.
You have a fast metabolism.
You can tolerate rotten meat.
You have tough skin (AC +1).


Message History

You kill Natasha!
Trog accepts your kill.
Trog appreciates your killing of a magic user.
Natasha screams in pain as she dies!
You are engulfed in noxious fumes.
You choke on the stench!
You are confused.
You are engulfed in noxious fumes.
You choke on the stench!
You are more confused.
You start resting.
You feel less confused.
You start resting.
You feel yourself speed up.
You start resting.
A goblin comes into view. It is wielding a dagger.
The goblin shouts!
The goblin zaps a wand.
The bolt of fire misses you.
The goblin zaps a wand.
The bolt of fire hits you!
One of your 3 scrolls of remove curse catches fire!
Ouch! That really hurt!
You die...

.# #.....>....# #..##... .
...........#########..##...
.......................##..#
......................##..#
...........#######....##..#
#..........# #....##..#
#..........# #....##..#
#..........# #....##..#
.........@# #....##..#
..........# #........#
..........# #........#
.........g ...#####
.......... .... #######..
.... ... ( ... .


You could see a goblin.

Vanquished Creatures
  Natasha (twice) (D:3)
  3 adders
  A worm (D:3)
  3 giant geckos
  2 ball pythons
  5 giant cockroaches
  2 hobgoblins
  A quokka (D:3)
  5 bats
  5 giant newts
  5 goblins
  4 kobolds
  7 rats
45 creatures vanquished.

Notes
Turn   | Place    | Note
--------------------------------------------------------------
     0 | D:1      | Kenran, the Ogre Berserker, began the quest for the Orb.
     0 | D:1      | Reached XP level 1. HP: 24/24 MP: 1/1
   311 | D:1      | Reached XP level 2. HP: 21/32 MP: 2/2
   731 | D:2      | Reached skill level 5 in Maces & Flails
   962 | D:2      | Found a shimmering altar of Xom.
   979 | D:2      | Reached XP level 3. HP: 9/39 MP: 3/3
  1336 | D:2      | Acquired Trog's second power
  1411 | D:2      | Reached skill level 6 in Maces & Flails
  1592 | D:2      | Found a bloodstained altar of Trog.
  1921 | D:3      | Reached XP level 4. HP: 33/48 MP: 4/4
  1992 | D:3      | Noticed Natasha
  2016 | D:3      | Killed Natasha
  2177 | D:3      | Reached skill level 7 in Maces & Flails
  2187 | D:3      | Noticed Natasha
  2195 | D:3      | Killed Natasha
  2228 | D:3      | Killed from afar by a goblin

Action                   |  1- 3 |  4- 6 || total
-------------------------+-------+-------++-------
Melee: Mace              |   124 |    25 ||   149
Invok: Berserk           |       |     1 ||     1
  Use: Scroll            |     3 |       ||     3
 Stab: Invisible         |     2 |       ||     2
